Map: Data-C

Players

Harstem

  • Race: Protoss Protoss
  • Spawn Location: 9:00

Bunny - Winner!

  • Race: Terran Terran
  • Spawn Location: 3:00

Event: DreamHack SC2 Masters 2022 Atlanta (Offline)

VOD

Have the link to the VOD?

Description

Time

  • Played on: Nov. 18, 2022, 2:21 p.m.
  • Length: 13:25

All games in this series

Show
View Real Time Build Order
Export as new Build Order

Harstem Protoss 

Build Orders: 1 Gate Expand, Phoenix Opening, Colossus Rush 

Get SALT Encoding   

  12  0:00  Probe  
  13  0:12  Probe  
  14  0:17  Pylon  
  14  0:24  Probe  
  15  0:35  Gateway  
  15  0:36  Probe (Chrono Boost)  
  16  0:46  Probe (Chrono Boost)  
  16  0:48  Assimilator  
  17  0:51  Probe (Chrono Boost)  
  18  1:03  Probe  
  19  1:15  Probe  
  20  1:23  Nexus  
  20  1:34  Cybernetics Core  
  20  1:36  Probe  
  21  1:44  Assimilator  
  21  1:49  Probe  
  22  1:56  Pylon  
  22  2:01  Probe  
  23  2:13  Adept (Chrono Boost)  
  23  2:14  Probe  
  26  2:19  Stargate  
  26  2:26  Probe  
  26  2:28  Warp Gate  
  27  2:34  Adept (Chrono Boost)  
  29  2:38  Probe x2  
  31  2:50  Probe x2  
  33  3:02  Phoenix  
  33  3:03  Probe (Chrono Boost)  
  36  3:06  Probe (Chrono Boost)  
  36  3:14  Probe (Chrono Boost)  
  36  3:15  Robotics Facility  
  36  3:19  Probe (Chrono Boost)  
  38  3:20  Probe (Chrono Boost)  
  39  3:27  Probe  
  39  3:29  Probe  
  39  3:32  Phoenix  
  43  3:36  Pylon  
  43  3:39  Probe  
  45  3:41  Probe  
  45  3:44  Assimilator  
  45  3:51  Probe  
  45  3:54  Probe  
  47  4:03  Robotics Bay, Probe  
  47  4:05  Nexus  
  47  4:06  Probe  
  47  4:09  Pylon  
  49  4:15  Probe  
  49  4:16  Sentry  
  52  4:18  Probe  
  52  4:21  Pylon  
  52  4:22  Assimilator  
  53  4:27  Probe  
  53  4:29  Immortal (Chrono Boost)  
  54  4:32  Probe  
  59  4:41  Phoenix  
  59  4:45  Shield Battery  
  61  4:47  Probe (Chrono Boost)  
  61  4:48  Probe (Chrono Boost)  
  63  4:53  Pylon  
  63  4:59  Probe (Chrono Boost)  
  65  5:00  Probe (Chrono Boost)  
  65  5:05  Probe x2 (Chrono Boost)  
  67  5:07  Colossus (Chrono Boost)  
  67  5:09  Pylon  
  73  5:14  Phoenix  
  73  5:17  Zealot, Probe  
  73  5:18  Probe  
  79  5:22  Probe  
  79  5:27  Extended Thermal Lance  
  80  5:30  Probe (Chrono Boost), Forge  
  80  5:31  Probe (Chrono Boost)  
  80  5:34  Probe (Chrono Boost)  
  83  5:41  Phoenix  
  87  5:43  Probe (Chrono Boost)  
  87  5:46  Probe (Chrono Boost)  
  87  5:47  Probe (Chrono Boost)  
  87  5:49  Probe (Chrono Boost)  
  89  5:50  Probe (Chrono Boost)  
  89  5:51  Colossus (Chrono Boost)  
  89  5:53  Probe  
  89  5:54  Pylon  
  97  5:57  Probe  
  98  6:06  Protoss Ground Weapons Level 1 (Chrono Boost)  
  98  6:10  Twilight Council  
  100  6:13  Zealot  
  100  6:16  Gateway  
  100  6:17  Pylon  
  100  6:18  Gateway  
  100  6:22  Shield Battery, Pylon  
  100  6:23  Pylon  
  100  6:25  Pylon  
  100  6:28  Probe  
  100  6:30  Pylon  
  102  6:36  Phoenix  
  102  6:37  Zealot  
  99  6:47  Probe  
  99  6:48  Colossus (Chrono Boost), Probe x2  
  107  7:00  Gateway  
  107  7:01  Phoenix, Zealot  
  109  7:05  Gateway  
  109  7:08  Nexus, Photon Cannon  
  111  7:10  Pylon  
  111  7:13  Probe  
  111  7:14  Assimilator  
  111  7:15  Charge  
  112  7:16  Assimilator  
  112  7:17  Templar Archives  
  112  7:26  Phoenix  
  112  7:28  Zealot x3  
  120  7:30  Shield Battery  
  120  7:32  Probe, Photon Cannon  
  120  7:34  Probe  
  120  7:47  Probe  
  120  7:48  Zealot x3  
  128  7:51  Observer  
  116  7:59  Zealot  
  116  8:00  Zealot  
  116  8:01  Probe (Chrono Boost)  
  116  8:02  Probe (Chrono Boost), Protoss Ground Weapons Level 2 (Chrono Boost)  
  117  8:06  Probe (Chrono Boost)  
  117  8:10  Photon Cannon  
  119  8:13  Zealot, Probe x2 (Chrono Boost), High Templar  
  119  8:14  Gateway, High Templar  
  119  8:18  Gateway  
  119  8:19  Probe x2 (Chrono Boost)  
  128  8:20  Probe (Chrono Boost)  
  128  8:21  Zealot x2  
  128  8:26  Nexus, Probe x2  
  131  8:27  Archon  
  131  8:28  Probe  
  131  8:33  Pylon  
  133  8:37  Pylon  
  133  8:49  Immortal (Chrono Boost)  
  133  8:51  Probe x3  
  133  8:53  Shield Battery, Pylon  
  140  8:59  Zealot x5  
  140  9:03  Probe x2  
  140  9:09  Probe  
  140  9:15  Probe x2  
  137  9:23  High Templar x2  
  137  9:24  High Templar x2  
  143  9:25  Warp Prism (Chrono Boost)  
  143  9:27  Archon x2  
  145  9:31  Phoenix (Chrono Boost)  
  145  9:34  Robotics Facility  
  145  9:35  Probe  
  148  9:38  Observer, Forge  
  148  9:40  Assimilator  
  148  9:43  Zealot x2  
  148  9:44  Assimilator  
  152  9:49  Shield Battery  
  152  9:51  Pylon  
  146  9:57  Zealot x5  
  152  10:03  Disruptor (Chrono Boost)  
  152  10:04  Zealot x2  
  155  10:10  Probe  
  159  10:23  Protoss Ground Armor Level 1 (Chrono Boost)  
  159  10:25  Zealot x2  
  159  10:26  Shield Battery, Zealot  
  159  10:27  Disruptor (Chrono Boost)  
  163  10:29  Stalker x3  
  163  10:30  Disruptor (Chrono Boost)  
  172  10:39  Pylon  
  171  10:43  Zealot  
  164  11:01  Disruptor (Chrono Boost)  
  162  11:05  Disruptor (Chrono Boost), Stalker x7  
  162  11:07  Pylon  
  177  11:16  Probe  
  128  11:31  Zealot x7  
  134  11:42  Colossus (Chrono Boost)  
  134  11:45  Probe  
  135  11:47  Probe  
  135  11:48  Gateway  
  135  11:49  Probe, Photon Cannon  
  135  11:50  Gateway, Photon Cannon  
  137  11:54  Zealot x5  
  137  11:58  Stalker  
  147  12:04  Colossus (Chrono Boost)  
  153  12:08  Zealot  
  153  12:13  Probe  
  153  12:15  Dark Shrine  
  150  12:26  High Templar x4  
  150  12:27  Zealot x2  
  155  12:31  Archon x2  
  155  12:32  Observer (Chrono Boost)  
  155  12:48  Zealot x5  
  155  12:49  Observer (Chrono Boost)  
  160  12:58  Nexus, Zealot x2  
  128  13:02  Pylon  
  128  13:03  Zealot x2  
  116  13:14  Zealot x5  
Show
View Real Time Build Order
Export as new Build Order

Bunny Terran - Winner!

Build Orders: Reaper Expand 

Get SALT Encoding   

  12  0:00  SCV  
  13  0:12  SCV  
  14  0:17  Supply Depot  
  14  0:24  SCV  
  15  0:38  SCV  
  15  0:39  Barracks  
  16  0:43  Refinery  
  16  0:50  SCV  
  17  1:02  SCV  
  18  1:15  SCV  
  19  1:25  Reaper  
  19  1:27  Orbital Command  
  20  1:40  Command Center  
  20  1:51  Supply Depot  
  20  1:52  SCV  
  21  1:58  Barracks Reactor  
  21  2:04  SCV  
  22  2:18  Command Center  
  22  2:19  SCV  
  23  2:29  Barracks  
  23  2:31  SCV  
  23  2:34  Marine  
  23  2:35  Marine  
  26  2:43  SCV  
  27  2:53  Marine  
  27  2:54  Marine  
  27  2:55  SCV  
  27  2:56  Orbital Command  
  30  3:05  Engineering Bay  
  30  3:07  SCV  
  30  3:11  Marine x2  
  33  3:18  Barracks Tech Lab  
  34  3:20  SCV  
  34  3:21  Barracks  
  34  3:24  SCV  
  35  3:32  Orbital Command  
  35  3:33  Marine x2  
  36  3:34  SCV  
  36  3:38  SCV  
  36  3:41  Stimpack  
  38  3:42  Marine  
  38  3:46  Refinery  
  38  3:47  SCV  
  40  3:50  Terran Infantry Weapons Level 1  
  40  3:51  SCV  
  40  3:53  Marine  
  40  3:55  Marine  
  43  3:57  SCV  
  43  3:59  SCV  
  45  4:06  Factory  
  45  4:08  SCV  
  45  4:09  SCV  
  47  4:11  SCV, Marine  
  47  4:12  Marine  
  47  4:14  Barracks Tech Lab  
  47  4:15  Marine  
  51  4:19  Refinery  
  51  4:21  SCV x2  
  51  4:23  SCV  
  54  4:24  Missile Turret  
  54  4:30  Supply Depot  
  53  4:35  Barracks  
  53  4:37  Barracks  
  53  4:38  Combat Shield  
  53  4:40  SCV  
  53  4:41  SCV  
  53  4:42  SCV  
  56  4:47  Supply Depot  
  56  4:49  Marine x3  
  59  4:53  SCV x2  
  59  4:55  Marine  
  59  4:58  Orbital Command  
  62  5:02  Factory Reactor, Starport  
  62  5:05  SCV  
  62  5:06  SCV  
  64  5:07  Marine  
  64  5:12  Supply Depot, Refinery  
  64  5:13  Marauder  
  67  5:16  Marauder  
  67  5:17  Marine  
  67  5:20  Concussive Shells  
  70  5:21  SCV  
  70  5:22  SCV  
  70  5:24  SCV  
  70  5:25  Marine  
  74  5:29  Supply Depot  
  74  5:31  Supply Depot  
  74  5:35  Supply Depot, SCV x2  
  76  5:42  Barracks Tech Lab  
  76  5:43  Barracks Reactor  
  76  5:44  Medivac x2  
  79  5:50  SCV x3  
  79  5:52  Marauder  
  79  5:53  Marauder  
  79  5:54  Marine  
  79  5:55  Marine  
  79  5:56  Factory Reactor  
  88  6:02  SCV x2  
  88  6:03  SCV  
  88  6:04  Missile Turret  
  91  6:05  Marauder  
  93  6:13  Missile Turret  
  93  6:14  Supply Depot  
  93  6:15  Medivac  
  93  6:17  Medivac  
  97  6:19  SCV x3  
  100  6:26  Marauder x2  
  100  6:28  Terran Infantry Armor Level 1  
  100  6:31  SCV x3  
  107  6:38  Armory  
  107  6:40  Engineering Bay  
  107  6:41  Widow Mine x2  
  107  6:45  Marauder  
  112  6:47  Marauder x2  
  112  6:50  Marine  
  112  6:53  Refinery  
  117  6:54  Refinery  
  117  6:55  Supply Depot, Marine  
  117  7:03  Supply Depot  
  117  7:04  Supply Depot, SCV  
  117  7:13  SCV x2, Medivac x2, Marine x2  
  125  7:18  Marauder x3  
  131  7:26  Marine x2  
  131  7:28  SCV x2  
  131  7:29  SCV, Terran Infantry Weapons Level 2  
  136  7:31  Marine  
  136  7:36  Supply Depot, Command Center  
  136  7:44  Widow Mine  
  136  7:45  Widow Mine  
  136  7:46  Marauder x3, Marine x2  
  136  7:49  Medivac  
  149  7:55  Medivac  
  149  8:01  Marine x2  
  146  8:06  SCV  
  146  8:07  SCV x2  
  146  8:10  Ghost Academy  
  149  8:13  Barracks  
  149  8:14  Barracks  
  149  8:17  Barracks  
  149  8:18  Marauder x3  
  155  8:23  Terran Infantry Armor Level 2  
  151  8:32  SCV  
  151  8:33  SCV x2, Marine x2  
  151  8:34  Marine x2  
  156  8:40  Supply Depot x3  
  156  8:41  Supply Depot  
  157  8:47  Ghost x2  
  157  8:48  Ghost  
  161  9:01  Marine x4  
  150  9:03  Barracks Reactor, Barracks Tech Lab  
  150  9:04  Barracks Tech Lab  
  150  9:08  Viking x2  
  149  9:10  Widow Mine x2  
  149  9:16  Ghost x2  
  155  9:21  Ghost  
  155  9:22  Ghost  
  159  9:25  SCV x2  
  159  9:26  SCV, Refinery  
  159  9:27  Refinery  
  162  9:32  Planetary Fortress  
  162  9:35  Marine x2  
  162  9:36  Marine x3  
  167  9:38  Viking  
  167  9:44  Ghost  
  171  9:49  Viking  
  163  9:57  Ghost x2  
  157  10:02  Marine x4  
  157  10:03  Marine x2  
  160  10:08  Starport  
  160  10:10  SCV x3  
  160  10:12  Viking  
  165  10:17  Command Center  
  165  10:19  Viking, Enhanced Shockwaves  
  167  10:22  Marauder x3  
  167  10:25  Marine x2  
  167  10:26  Marine x4  
  179  10:33  Terran Ship Weapons Level 1  
  179  10:42  Viking  
  181  10:49  Viking  
  180  10:51  Viking, Ghost  
  180  10:52  Ghost x2  
  188  10:59  Missile Turret  
  188  11:01  Missile Turret  
  188  11:08  Fusion Core  
  186  11:16  Marauder x2  
  167  11:22  Marauder x2  
  167  11:24  Marauder  
  167  11:25  Marine x3  
  143  11:31  Viking x3  
  147  11:37  Marine x3  
  147  11:38  Marauder x2  
  152  11:41  Planetary Fortress  
  152  11:42  Ghost  
  152  11:43  Marauder, Marine  
  152  11:44  SCV x4, Ghost  
  152  11:46  Marine x2  
  165  11:55  Marine x2  
  165  11:56  Refinery, SCV x2  
  165  11:59  Marauder x2  
  171  12:01  Widow Mine x2  
  171  12:02  Marine  
  171  12:03  Marine  
  171  12:04  Marauder  
  171  12:06  Missile Turret  
  171  12:08  Starport Reactor  
  179  12:11  Marine x2  
  179  12:12  Marauder  
  179  12:14  Marauder  
  184  12:20  Marauder  
  184  12:21  Marauder  
  188  12:25  Ghost  
  188  12:27  Liberator  
  188  12:28  Liberator  
  196  12:30  Marine x4  
  200  12:39  Refinery  
  200  12:41  Command Center x2  
  200  12:56  Marauder  
Tags
 
Add a new tag
Caveats
  • Supply blocks, unpowered buildings, or Contaminate may cause inaccurate times.
  • Supply counts are checked every 10 seconds.